Map: Odyssey LE

Players

Yata - Winner!

  • Race: Zerg Zerg
  • League: Silver
  • Spawn Location: 11:00

A.I. 1 (Harder)

  • Race: Protoss Protoss
  • Spawn Location: 5:00

VOD

Have the link to the VOD?

Description

Time

  • Played on: July 22, 2017, 2:12 p.m.
  • Length: 14:12
Show
View Real Time Build Order
Export as new Build Order

Yata Zerg - Winner!

Build Orders: Hatch First, Lurkers, Swarm Host 

Get SALT Encoding   

  12  0:02  Drone  
  13  0:20  Overlord  
  13  0:25  Drone  
  14  0:38  Drone  
  14  0:39  Drone  
  14  0:42  Drone  
  17  0:59  Drone  
  17  1:02  Hatchery  
  17  1:10  Drone  
  18  1:16  Extractor  
  17  1:24  Spawning Pool  
  16  1:27  Drone  
  16  1:28  Drone  
  18  1:39  Drone  
  19  1:49  Overlord  
  19  1:57  Drone  
  20  2:08  Drone  
  21  2:13  Queen  
  21  2:14  Queen  
  25  2:19  Zergling x4  
  27  2:24  Drone  
  27  2:26  Metabolic Boost  
  28  2:33  Drone  
  28  2:35  Drone  
  30  2:43  Overlord  
  30  2:59  Queen  
  30  3:00  Hatchery  
  30  3:02  Lair  
  31  3:06  Drone  
  31  3:07  Drone  
  33  3:22  Drone x2, Baneling Nest  
  33  3:23  Drone  
  35  3:33  Drone x5  
  40  3:38  Overlord  
  40  3:53  Drone  
  40  3:54  Drone x3  
  44  3:57  Drone  
  45  4:05  Hydralisk Den  
  45  4:06  Extractor  
  45  4:09  Extractor  
  42  4:13  Extractor  
  41  4:34  Drone  
  41  4:35  Drone x5  
  41  4:36  Drone x4  
  51  4:47  Evolution Chamber  
  50  5:05  Drone x2  
  50  5:06  Drone x2  
  52  5:24  Drone  
  53  5:29  Hydralisk x2  
  57  5:36  Overlord x4  
  57  5:48  Muscular Augments  
  57  5:51  Zerg Missile Weapons Level 1  
  57  5:58  Drone  
  57  6:02  Drone x4  
  57  6:03  Drone x3  
  65  6:05  Hydralisk x2  
  65  6:06  Hydralisk x4  
  77  6:14  Hydralisk  
  77  6:15  Hydralisk x4  
  87  6:27  Centrifical Hooks  
  87  6:30  Hydralisk  
  87  6:31  Hatchery, Hydralisk  
  90  6:37  Overlord x3  
  90  6:43  Pneumatized Carapace  
  90  6:55  Infestation Pit, Queen x2  
  90  6:59  Lurker Den  
  93  7:02  Hydralisk x4  
  93  7:06  Zergling x2  
  93  7:07  Zergling x20  
  112  7:22  Drone x2  
  114  7:24  Overlord x4  
  114  7:25  Overlord  
  114  7:42  Hydralisk  
  114  7:43  Hydralisk x5  
  126  7:50  Hive  
  126  7:52  Queen  
  128  7:59  Queen  
  128  8:00  Queen  
  132  8:18  Baneling  
  132  8:19  Baneling x5  
  132  8:28  Queen  
  134  8:34  Zergling x2  
  134  8:35  Zergling x22  
  143  8:52  Lurker  
  143  8:53  Lurker x5  
  149  9:04  Overlord x6  
  149  9:05  Overlord  
  117  9:34  Hydralisk x2  
  117  9:35  Hydralisk x7  
  134  9:48  Lurker  
  135  10:23  Extractor  
  135  10:24  Extractor  
  133  10:34  Extractor x2  
  125  10:57  Overseer  
  102  11:38  Hydralisk  
  102  11:39  Hydralisk x15  
  108  11:40  Hydralisk x8  
  134  12:57  Swarm Host x5  
  134  12:58  Swarm Host x6  
  167  13:11  Zergling x14  
  167  13:12  Zergling x20  
  182  13:23  Queen  
  182  13:24  Queen  
  182  13:26  Queen  
  188  13:27  Queen  
Show
View Real Time Build Order
Export as new Build Order

A.I. 1 (Harder) Protoss 

Build Orders: 1 Gate Expand 

Get SALT Encoding   

  12  0:01  Probe (Chrono Boost)  
  13  0:11  Probe (Chrono Boost)  
  14  0:20  Pylon  
  14  0:22  Probe (Chrono Boost)  
  15  0:38  Probe (Chrono Boost)  
  16  0:48  Probe (Chrono Boost)  
  17  0:50  Gateway  
  17  1:10  Nexus  
  17  1:12  Probe (Chrono Boost)  
  18  1:29  Pylon  
  18  1:30  Assimilator  
  18  1:36  Zealot  
  20  1:40  Cybernetics Core  
  20  1:42  Probe (Chrono Boost)  
  22  1:54  Probe (Chrono Boost)  
  22  2:05  Gateway  
  22  2:06  Probe (Chrono Boost)  
  23  2:12  Assimilator  
  23  2:15  Stalker  
  23  2:21  Pylon  
  23  2:22  Probe (Chrono Boost)  
  26  2:35  Probe (Chrono Boost)  
  27  2:37  Warp Gate  
  27  2:41  Probe (Chrono Boost)  
  27  2:42  Adept  
  28  2:47  Probe (Chrono Boost)  
  31  2:53  Probe (Chrono Boost)  
  31  2:58  Probe (Chrono Boost)  
  33  3:04  Probe (Chrono Boost)  
  34  3:08  Gateway  
  34  3:09  Probe (Chrono Boost)  
  35  3:13  Zealot  
  35  3:15  Probe (Chrono Boost)  
  38  3:26  Stalker  
  40  3:39  Stalker  
  42  3:44  Probe (Chrono Boost)  
  42  3:47  Probe (Chrono Boost)  
  44  3:51  Pylon  
  44  3:54  Sentry  
  44  3:55  Probe (Chrono Boost)  
  45  3:59  Probe (Chrono Boost)  
  48  4:05  Assimilator  
  48  4:06  Probe (Chrono Boost)  
  48  4:08  Forge  
  49  4:11  Stargate  
  49  4:20  Probe (Chrono Boost)  
  49  4:21  Probe (Chrono Boost)  
  51  4:26  Assimilator  
  51  4:30  Probe (Chrono Boost)  
  52  4:32  Probe (Chrono Boost)  
  52  4:36  Protoss Ground Weapons Level 1, Pylon  
  53  4:41  Zealot  
  53  4:42  Probe (Chrono Boost)  
  53  4:43  Probe (Chrono Boost)  
  57  4:51  Void Ray  
  58  4:53  Probe (Chrono Boost)  
  58  4:56  Probe (Chrono Boost)  
  62  5:04  Pylon, Probe (Chrono Boost)  
  64  5:07  Zealot  
  64  5:08  Probe (Chrono Boost)  
  66  5:16  Probe (Chrono Boost)  
  66  5:20  Zealot  
  69  5:22  Probe (Chrono Boost)  
  69  5:26  Pylon  
  69  5:27  Probe (Chrono Boost)  
  71  5:32  Stalker  
  71  5:34  Probe (Chrono Boost)  
  74  5:45  Stalker  
  74  5:46  Probe x2 (Chrono Boost)  
  74  5:47  Pylon  
  78  5:58  Stalker  
  78  6:00  Twilight Council  
  80  6:06  Probe x2 (Chrono Boost)  
  80  6:08  Pylon  
  82  6:11  Stalker  
  82  6:17  Probe (Chrono Boost)  
  85  6:22  Protoss Ground Armor Level 1  
  85  6:24  Sentry  
  87  6:28  Blink  
  87  6:30  Robotics Facility  
  87  6:33  Pylon  
  87  6:37  Sentry, Photon Cannon  
  89  6:43  Photon Cannon  
  89  6:45  Pylon  
  89  6:48  Pylon  
  89  6:50  Adept  
  91  6:55  Forge  
  91  6:59  Void Ray  
  95  7:10  Photon Cannon  
  95  7:13  Photon Cannon  
  95  7:17  Observer  
  96  7:37  Observer  
  96  7:38  Void Ray  
  101  8:37  Void Ray  
  101  8:38  Nexus  
  101  9:11  Immortal, Oracle  
  101  9:16  Dark Shrine  
  108  9:20  Templar Archives  
  108  9:24  Gateway  
  102  9:26  Zealot  
  102  9:29  Robotics Facility  
  78  9:33  Sentry  
  78  9:34  Stargate  
  66  9:40  Pylon, Stalker  
  68  9:47  Stalker  
  68  9:48  Warp Prism  
  68  9:52  Probe x2 (Chrono Boost)  
  75  9:53  Probe (Chrono Boost)  
  75  9:54  Sentry  
  77  10:02  High Templar  
  77  10:03  Probe x2 (Chrono Boost)  
  77  10:05  Assimilator, Probe (Chrono Boost)  
  77  10:06  Pylon  
  82  10:07  Protoss Ground Weapons Level 2  
  82  10:08  Pylon  
  82  10:09  High Templar, Assimilator  
  82  10:13  Warp Prism  
  85  10:14  Probe (Chrono Boost)  
  85  10:16  Gateway  
  85  10:21  Nexus  
  87  10:23  Immortal  
  91  10:29  Dark Templar, Photon Cannon  
  91  10:30  Photon Cannon  
  91  10:35  Stargate  
  91  10:36  Zealot  
  76  10:44  Sentry  
  76  10:46  Warp Prism  
  76  10:51  Stalker  
  75  10:58  Stalker, Probe x2 (Chrono Boost)  
  75  11:00  Stalker  
  75  11:01  Observer  
  77  11:05  Stalker  
  77  11:11  Stalker  
  77  11:14  Stalker  
  77  11:16  Mothership Core (Chrono Boost)  
  73  11:20  Stalker  
  73  11:23  Stalker  
  67  11:27  Stalker  
  61  11:33  Warp Prism  
  61  11:34  Stalker, Probe x2 (Chrono Boost)  
  61  11:35  Stalker, Probe (Chrono Boost)  
  61  11:36  Probe (Chrono Boost)  
  57  11:43  Stalker  
  57  11:46  Probe x2 (Chrono Boost)  
  53  11:47  Assimilator, Stalker  
  53  11:48  Probe (Chrono Boost)  
  53  11:49  Assimilator  
  53  11:52  Stalker  
  50  11:57  Stalker, Probe (Chrono Boost)  
  49  12:03  Stalker  
  49  12:05  Stalker  
  45  12:09  Stalker  
  45  12:14  Stalker  
  46  12:16  Mothership Core (Chrono Boost)  
  46  12:19  Stalker  
  46  12:25  Stalker  
  46  12:27  Zealot  
  44  12:30  Stalker  
  44  12:31  Zealot  
  44  12:36  Stalker  
  43  12:43  Pylon  
  39  12:50  Stalker  
  33  12:52  Stalker  
  33  12:54  Mothership Core (Chrono Boost)  
  33  12:58  High Templar  
  33  13:03  High Templar  
  19  13:21  High Templar  
  19  13:26  High Templar  
Tags
 
League
Silver
Matchup
PvZ
Replay Pack
Pack 1
Spawn Locations
Cross Positions
Add a new tag
Caveats
  • Supply blocks, unpowered buildings, or Contaminate may cause inaccurate times.
  • Supply counts are checked every 10 seconds.